 Dungeon Crawl Stone Soup version 0.30.1-3-gfc49f6343a (webtiles) character file.

Game seed: 8228860796522064274

4395 Anriel the Magician (level 10, -1/56 HPs)
             Began as a Deep Elf Reaver on July 26, 2023.
             Was a Believer of Vehumet.
             Slain by a yak (11 damage)
             ... on level 9 of the Dungeon.
             The game lasted 01:01:46 (9010 turns).

Anriel the Magician (Deep Elf Reaver)               Turns: 9010, Time: 01:01:47

Health: -1/56      AC: 14    Str:  9    XL:     10   Next: 13%
Magic:  22/22      EV: 13    Int: 19    God:    Vehumet [**....]
Gold:   123        SH:  0    Dex: 17    Spells: 16/23 levels left

rFire   . . .        b - +0 rapier (flame)
rCold   . . .        (no shield)
rNeg    . . .        G - +0 acid dragon scales
rPois   .            f - +2 helmet
rElec   .            L - +1 cloak
rCorr   +            (no gloves)
SInv    .            B - +0 pair of boots {Stlth+}
Will    ++...        I - amulet of magic regeneration
Stlth   ++++         d - ring of willpower
HPRegen 0.29/turn    (no ring)
MPRegen 0.58/turn

%: no passive effects
@: no status effects
A: no striking features
a: Renounce Religion


You were on level 9 of the Dungeon.
You worshipped Vehumet.
Vehumet was pleased with you.
You visited 2 branches of the dungeon, and saw 10 of its levels.
You also visited: Sewer and Ossuary.

You collected 394 gold pieces.
You spent 271 gold pieces at shops.

Inventory:

Hand Weapons
 b - a +0 rapier of flaming (weapon)
 e - a +2 dagger of draining
 i - a +2 dagger of holy wrath
 p - a +1 dagger of venom
 u - a +1 dagger of speed
 H - the +6 sling "Nezuyh" {antimagic, Int+5}
   (You found it on level 8 of the Dungeon)

   Int:       It affects your intelligence (+5).
 K - a +2 short sword of protection
Missiles
 C - a throwing net
Armour
 f - a +2 helmet (worn)
 s - the +1 scale mail of the Guild-Master {rElec rF++}
   (You found it on level 5 of the Dungeon)

   rF:        It greatly protects you from fire.
   rElec:     It insulates you from electricity.
 t - a +2 leather armour of fire resistance
 v - a scarf of shadows
 w - a +0 cloak
 x - a +0 pair of boots
 B - a +0 pair of boots of stealth (worn)
 G - +0 acid dragon scales (worn)
 L - a +1 cloak (worn)
Jewellery
 d - a ring of willpower (left hand)
 h - a ring of flight
 k - a ring of fire
 r - an amulet of guardian spirit
 y - a ring of ice
 I - an amulet of magic regeneration (around neck)
Wands
 l - a wand of mindburst (21)
 o - a wand of charming (5)
Scrolls
 a - 3 scrolls of identify
 m - 3 scrolls of fear
 n - 2 scrolls of teleportation
 D - a scroll of blinking
 M - a scroll of fog
Potions
 c - a potion of mutation
 g - a potion of flight
 j - 3 potions of curing
 q - a potion of cancellation
 z - 2 potions of brilliance
 A - a potion of magic
 E - a potion of heal wounds
 F - a potion of haste
 J - a potion of resistance


   Skills:
 - Level 3.0 Fighting
 * Level 6.5 Short Blades
 - Level 5.0 Armour
 - Level 5.1 Dodging
 - Level 5.0 Stealth
 - Level 7.0 Spellcasting
 + Level 6.7 Conjurations
 - Level 5.0 Translocations
 + Level 5.8 Earth Magic


You had 16 spell levels left.
You knew the following spells:

 Your Spells              Type           Power      Damage    Failure   Level
a - Blink                 Tloc           50%        N/A       3%          2
b - Momentum Strike       Conj/Tloc      58%        3d9       2%          2
c - Stone Arrow           Conj/Erth      60%        3d10      3%          3

Your spell library contained the following spells:

 Spells                   Type           Power      Damage    Failure   Level
 Poisonous Vapours        Pois/Air       12%        N/A       24%         2
 Sandblast                Erth           56%        2d13      1%          1
 Lesser Beckoning         Tloc           50%        N/A       3%          2
 Kiss of Death            Conj/Necr      76%        2d11      4%          1
 Passwall                 Tmut/Erth      14%        N/A       8%          2
 Hailstorm                Conj/Ice       19%        3d6       12%         3
 Iskenderun's Mystic Bla  Conj/Tloc      29%        2d7       14%         4
 Portal Projectile        Hex/Tloc       32%        N/A       17%         3
 Volatile Blastmotes      Fire/Tloc      32%        2d12      17%         3
 Cigotuvi's Dreadful Rot  Necr/Pois/Air  12%        N/A       24%         2
 Fulminant Prism          Conj/Hex       9%         3d7       38%         4
 Lee's Rapid Deconstruct  Erth           14%        3d9*      38%         5
 Call Canine Familiar     Summ           6%         N/A       43%         3
 Ignite Poison            Fire/Tmut/Pois 6%         N/A       43%         3
 Leda's Liquefaction      Hex/Erth       8%         N/A       43%         4
 Freezing Cloud           Conj/Ice/Air   7%         6-21      87%         5


Dungeon Overview and Level Annotations

Branches:
Dungeon (9/15)             Temple (1/1) D:6           Sewer (visited)
Ossuary (visited)
   Lair: D:8-11         Orc: D:9-12

Altars:
Ashenzari
Cheibriados
Dithmenos
Elyvilon
Fedhas
Gozag
Hepliaklqana
Kikubaaqudgha
Makhleb
Nemelex Xobeh
Okawaru
Qazlal
Ru
Sif Muna
Trog
Vehumet
Wu Jian
Xom
Zin
The Shining One

Shops:
D:1 :   D:6 *:([   D:7 (=   D:8 *==*


Message History

Unknown command.
You hit the yak. You burn the yak.
The yak is lightly wounded.
The yak gores you. The gnoll hits you but does no damage.
You hit the yak. You burn the yak.
The yak is lightly wounded.
The gnoll closely misses you. The yak closely misses you.
You barely miss the yak.
The yak is lightly wounded.
The gnoll hits you but does no damage. The yak gores you!
You hit the yak. You burn the yak.
The yak is moderately wounded.
The gnoll misses you. The yak closely misses you.
You hit the yak but do no damage.
The yak is moderately wounded.
The gnoll barely misses you. The yak misses you.
You puncture the yak! You burn the yak.
The yak is heavily wounded.
The gnoll hits you from afar with a +0 halberd.
The yak gores you!
You hit the yak. You burn the yak.
The yak is heavily wounded.
The gnoll closely misses you. The yak closely misses you.
You barely miss the yak.
The yak is heavily wounded.
You hit the yak but do no damage.
The yak is heavily wounded.
The gnoll closely misses you. The yak gores you!
You barely miss the yak.
The yak is heavily wounded.
The yak gores you.
* * * LOW HITPOINT WARNING * * *
The gnoll misses you.
You barely miss the yak.
The yak is heavily wounded.
The gnoll barely misses you. The yak gores you.
* * * LOW HITPOINT WARNING * * *
The yak attacks as you move away! The yak gores you but does no damage.
The yak attacks as you move away! The yak gores you!
You die...

.# #.# ## #.# ..
#.# #.#### ##.####
....#...#####.....
#.#K#..........####
#K#.# #.Y.....#
#.#.#### #@##..#.#
#..)g..# #.#...#
###.##†####.#<###
#....gY...#...#
#......)......#
##)#####.####...#
...........##.#
####
....###.##.##.# ..
#.# ##.#


You could see a yak.

Vanquished Creatures
  A hornet (D:9)
  A wyvern (D:9)
  Eustachio (D:6)
  A wraith (D:9)
  A steam dragon (D:7)
  An acid dragon (D:7)
  2 black bears
  2 ice beasts
  3 sky beasts
  3 centaurs
  10 kobold brigands
  An elf zombie (Ossuary)
  3 bullfrogs
  5 scorpions
  4 killer bees
  A howler monkey (D:6)
  A human zombie (Ossuary)
  5 hounds
  A jelly (D:5)
  4 orc priests
  2 sleepcaps (D:5)
  6 iguanas
  7 orc wizards
  A statue (D:3)
  2 mummies (Ossuary)
  9 gnolls
  9 adders
  3 river rats (Sewer)
  3 shadow imps
  2 white imps
  An ufetubus (D:5)
  An adder zombie (Ossuary)
  9 worms
  2 dart slugs
  24 orcs
  7 bats
  10 endoplasms
  6 giant cockroaches
  5 goblins
  9 hobgoblins
  6 jackals
  15 kobolds
  5 quokkas
  9 ball pythons
  3 frilled lizards
  2 goblin zombies (Ossuary)
  10 hobgoblin zombies (Ossuary)
  2 jackal zombies (Ossuary)
  11 kobold zombies (Ossuary)
  7 orc zombies (Ossuary)
  11 rats
  2 rat zombies (Ossuary)
252 creatures vanquished.

Notes
Turn   | Place    | Note
-------+----------+-------------------------------------------
     0 | D:1      | Anriel the Deep Elf Reaver began the quest for the Orb.
     0 | D:1      | Reached XP level 1. HP: 12/12 MP: 6/6
   279 | D:1      | Found Anoti's Book Emporium.
   291 | D:1      | Reached XP level 2. HP: 17/17 MP: 8/8
   813 | D:2      | Learned a level 2 spell: Momentum Strike
   855 | D:2      | Reached skill level 1 in Stealth
   910 | D:2      | Reached XP level 3. HP: 11/18 MP: 9/9
  1087 | D:2      | Reached XP level 4. HP: 14/27 MP: 5/10
  1297 | D:2      | Reached XP level 5. HP: 29/32 MP: 8/11
  1433 | D:2      | Learned a level 3 spell: Stone Arrow
  1839 | D:3      | Found a glowing drain.
  1869 | Sewer    | Entered a sewer
  1897 | Sewer    | Reached skill level 1 in Translocations
  1925 | Sewer    | Reached skill level 4 in Spellcasting
  1925 | Sewer    | Reached skill level 1 in Earth Magic
  1925 | Sewer    | Reached XP level 6. HP: 36/37 MP: 9/14
  2036 | Sewer    | Reached skill level 5 in Spellcasting
  2122 | Sewer    | Reached skill level 5 in Conjurations
  2343 | Sewer    | Reached XP level 7. HP: 41/41 MP: 13/16
  2769 | Sewer    | Reached skill level 5 in Dodging
  3062 | D:3      | Found a radiant altar of Vehumet.
  3321 | D:3      | Found a glowing silver altar of Zin.
  3321 | D:3      | Noticed an angel
  3689 | D:4      | Reached skill level 1 in Armour
  3804 | D:4      | Reached XP level 8. HP: 32/46 MP: 14/17
  4237 | D:4      | Found a shimmering altar of Xom.
  4346 | D:5      | Entered Level 5 of the Dungeon
  4519 | D:5      | HP: 2/46 [killer bee (8)]
  4528 | D:5      | Identified the +1 scale mail of the Guild-Master {rElec
                  | rF++}
  4871 | D:5      | Reached skill level 5 in Earth Magic
  5086 | D:5      | Reached skill level 5 in Translocations
  5310 | D:6      | Noticed Eustachio
  5310 | D:6      | Found Acluts's Armour Shop.
  5382 | D:6      | Killed Eustachio
  5419 | D:6      | Bought a +0 cloak for 67 gold pieces
  5470 | D:6      | Reached XP level 9. HP: 36/50 MP: 18/18
  5654 | D:6      | Found Naaz Nuburgh's Assorted Antiques.
  5671 | D:6      | Found Hiodaff's Book Shop.
  5774 | D:6      | Bought a +0 pair of boots of stealth for 172 gold pieces
  6057 | D:6      | Found a staircase to the Ecumenical Temple.
  6061 | Temple   | Entered the Ecumenical Temple
  6120 | D:6      | Reached skill level 5 in Armour
  6125 | D:6      | Learned a level 2 spell: Blink
  6348 | D:6      | Found Kettacviru's Weapon Emporium.
  6599 | D:3      | Became a worshipper of Vehumet
  6671 | D:6      | Bought a scroll labelled JOSIDO NARAPP for 32 gold pieces
  6680 | D:7      | Found Etyliq's Weapon Shop.
  6699 | D:7      | Reached skill level 6 in Spellcasting
  6712 | D:7      | Reached skill level 5 in Short Blades
  6776 | D:7      | Found a large runed translucent door.
  6776 | D:7      | Found a large runed translucent door.
  6866 | D:7      | Found a sand-covered staircase.
  6879 | Ossuary  | Entered an ossuary
  6899 | Ossuary  | Reached * piety under Vehumet
  6899 | Ossuary  | Offered knowledge of Magic Dart by Vehumet.
  7092 | Ossuary  | Offered knowledge of Poisonous Vapours by Vehumet.
  7093 | Ossuary  | Reached skill level 7 in Spellcasting
  7095 | Ossuary  | Reached ** piety under Vehumet
  7309 | D:7      | Found Ettaosti's Jewellery Shoppe.
  7770 | D:7      | Found a broken altar of Ashenzari.
  7775 | D:7      | Found a sacrificial altar of Ru.
  7835 | D:8      | Identified the +6 sling "Nezuyh" {antimagic, Int+5}
  8114 | D:8      | Found Betiupua's Jewellery Boutique.
  8118 | D:8      | Found Etuler's General Store.
  8118 | D:8      | Found Nixtiyju's Jewellery Boutique.
  8118 | D:8      | Found Fomuz's Assorted Antiques.
  8541 | D:8      | Reached XP level 10. HP: 49/56 MP: 15/22
  8801 | D:9      | Reached skill level 5 in Stealth
  9010 | D:9      | Slain by a yak

Illustrated notes

Levels and vault maps discovered:
D:1:      minmay_arrival_pointy, layout_basic, serial_shops, shop, hex_tiny,
          minmay_misc_feat_cross
D:2:      layout_basic, serial_bayou_pond_d, chequers_serial_rivers_micro_e
D:3:      layout_loops_ring, vehumet_statue, zin_angel, gup_sewer_entry_glass
D:4:      layout_basic, xom_teletrap_fun
D:5:      minmay_clustersquares, layout_rooms
D:6:      layout_gridville, minmay_temple_entry_glassed_door, serial_shops,
          nicolae_shop_back_alley_shop, nicolae_stop_n_shop_2, shop, shop,
          uniq_eustachio
D:7:      layout_rooms, jmf_multi_god_temple2, chequers_ossuary_entry_cave,
          serial_shops, shop, kennysheep_windowed_goal
D:8:      layout_cave_pods, minmay_shop_grid_forest
D:9:      layout_loops_ring, nicolae_uskayaw_suspiria,
          nicolae_yredelemnul_ghost_church, due_lair_maze_entry_diamond
Temple:   minmay_freezing_vapour_temple

Skill      XL: |  1  2  3  4  5  6  7  8  9 10 |
---------------+-------------------------------+-----
Fighting       | 2 3 |  3.0
Dodging        | 3 5 |  5.1
Stealth        | 1 2 3 5 |  5.0
Conjurations   | 4 5 6 |  6.7
Translocations | 1 2 3 5 |  5.0
Spellcasting   | 4 5 7 |  7.0
Earth Magic    | 1 2 3 5 |  5.8
Armour         | 1 4 5 |  5.0
Short Blades   | 6 |  6.5

Action                     |  1- 3 |  4- 6 |  7- 9 | 10-12 || total
---------------------------+-------+-------+-------+-------++-------
  Melee: Dagger            |    74 |   116 |   611 |     4 ||   805
         Short sword       |     4 |       |       |       ||     4
         Punch             |     1 |     1 |     4 |     1 ||     7
         Rapier            |       |       |    82 |    49 ||   131
  Throw: Throwing net      |       |       |     1 |       ||     1
   Cast: Kiss of Death     |     1 |       |       |       ||     1
         Momentum Strike   |     4 |    17 |    46 |     1 ||    68
         Stone Arrow       |       |       |    27 |     8 ||    35
         Blink             |       |       |       |     1 ||     1
    Use: Scroll            |     3 |     5 |    15 |       ||    23
         Potion            |     2 |       |     7 |       ||     9
   Stab: Sleeping          |     1 |     1 |    17 |       ||    19
         Distracted        |       |     2 |       |       ||     2
 Armour: Leather armour    |    17 |    25 |   210 |       ||   252
         Acid dragon scale |       |       |    42 |    26 ||    68
  Dodge: Dodged            |    29 |    38 |   507 |    48 ||   622
